 Dungeon Crawl Stone Soup version 0.22-a0-179-gb5258fd (webtiles) character file.

147 sunny1234 the Insei (level 5, -2/45 HPs)
             Began as a Naga Transmuter on Feb 14, 2018.
             Killed by nerve-wracking pain
             ... invoked by an orc priest
              (12 damage)
             ... on level 3 of the Dungeon.
             The game lasted 00:07:23 (3802 turns).

sunny1234 the Insei (Naga Transmuter)               Turns: 3802, Time: 00:07:24

Health: -2/45      AC:  2    Str: 12    XL:     5   Next: 29%
Magic:  18/18      EV: 10    Int: 13    God:
Gold:   130        SH:  3    Dex: 13    Spells: 5/9 levels left

rFire    . . .     SeeInvis +     - Unarmed
rCold    . . .     Gourm    .   u - +0 buckler
rNeg     . . .     Faith    .   b - +0 robe
rPois    +         Spirit   .   (no helmet)
rElec    .         Reflect  .   (no cloak)
rCorr    .         Harm     .   (no gloves)
MR       .....                  (no barding)
Stlth    +.........             (no amulet)
HPRegen  0.15/turn              t - ring of magical power
MPRegen  0.16/turn              (no ring)

@: very slow
A: large, see invisible, deformed body, poison resistance, slowness 2, slow
metabolism 1, spit poison 1, AC +1
a: Spit Poison


You were on level 3 of the Dungeon.
You were not hungry.

You visited 1 branch of the dungeon, and saw 3 of its levels.

You collected 130 gold pieces.

Inventory:

Missiles
 a - 12 arrows
 n - 15 poisoned needles (quivered)
Armour
 b - a +0 robe (worn)
 u - a +0 buckler (worn)
Jewellery
 t - a ring of magical power (left hand)
Scrolls
 f - a scroll of magic mapping
 i - a scroll of teleportation
 j - a scroll of enchant weapon {unknown}
 k - a scroll of identify
 m - a scroll of remove curse
 o - a scroll of noise
Potions
 e - 2 potions of agility {unknown}
 g - a potion of heal wounds {unknown}
 h - 2 potions of degeneration {unknown}
 l - a potion of curing {unknown}
 p - a potion of berserk rage {unknown}
 q - a potion of lignification {unknown}
 r - a potion of haste {unknown}
Books
 c - a book of Changes

   Spells                             Type                      Level
   a - Beastly Appendage              Transmutation                1
   b - Sticks to Snakes               Transmutation                2
   c - Spider Form                    Transmutation/Poison         3
   d - Ice Form                       Ice/Transmutation            4
   e - Blade Hands                    Transmutation                5
Comestibles
 d - 2 rations


   Skills:
 + Level 2.2 Fighting
 + Level 2.3 Dodging
 + Level 0.1 Shields
 + Level 3.6 Unarmed Combat
 + Level 2.7 Spellcasting
 + Level 3.0 Transmutations


You had 5 spell levels left.
You knew the following spells:

 Your Spells              Type           Power        Failure   Level  Hunger
a - Beastly Appendage     Tmut           #.....       11%         1    #......
b - Spider Form           Tmut/Pois      #.........   52%         3    ###....


Dungeon Overview and Level Annotations

Branches:
Dungeon (3/15)

Altars:
Qazlal
Wu Jian

Annotations:
D:3 Bugaboo's ghost, amateur OgBe


Innate Abilities, Weirdness & Mutations

You cannot wear boots.
Your serpentine skin is tough. (AC +1)
You have supernaturally acute eyesight. (SInv)
Armour fits poorly on your strangely shaped body.
Your system is resistant to poisons. (rPois)
You cover ground very slowly.
You have a slow metabolism.
You can spit poison.


Message History

The orc priest casts a cantrip, but nothing happens.
You closely miss the orc priest.
The orc priest is severely wounded.
The bat closely misses you.
The orc priest hits you but does no damage.
You closely miss the orc priest.
The orc priest is severely wounded.
The bat hits you but does no damage. The orc priest hits you with a dagger.
You hit the orc priest.
The orc priest is almost dead.
You block the bat's attack. The bat hits you but does no damage.
The orc priest mumbles some strange prayers to Beogh against you.
Beogh smites you!
* * * LOW HITPOINT WARNING * * *
You closely miss the orc priest.
The orc priest is almost dead.
The bat hits you but does no damage.
The orc priest mumbles some strange prayers to Beogh against you.
Pain shoots through your body!
You die...

. .. .. .. ...
.##.########....
................
.......<.....#
.....##.@....#
... #.bo...# .
#......#
..........
##..######. ..##
###


You could see an orc priest and a bat.

Vanquished Creatures
  An orc wizard (D:2)
  5 adders (D:2)
  An ooze (D:1)
  A worm (D:2)
  2 dart slugs (D:2)
  A leopard gecko (D:2)
  10 orcs (D:2)
  5 bats
  2 giant cockroaches
  4 goblins
  6 hobgoblins
  2 quokkas (D:2)
  4 frilled lizards
  5 kobolds
  4 rats
53 creatures vanquished.

Notes
Turn   | Place    | Note
-------+----------+-------------------------------------------
     0 | D:1      | sunny1234 the Naga Transmuter began the quest for the Orb.
     0 | D:1      | Reached XP level 1. HP: 18/18 MP: 3/3
    82 | D:1      | Reached XP level 2. HP: 5/25 MP: 3/5
   981 | D:1      | Reached XP level 3. HP: 23/31 MP: 4/6
  1219 | D:2      | Found a stormy altar of Qazlal.
  1221 | D:2      | Noticed a water elemental
  1223 | D:2      | Noticed an air elemental
  1223 | D:2      | Noticed a fire elemental
  1223 | D:2      | Noticed an earth elemental
  1573 | D:2      | Learned a level 3 spell: Spider Form
  1846 | D:2      | Reached XP level 4. HP: 12/39 MP: 7/7
  2066 | D:2      | Found an ornate altar of the Wu Jian Council.
  2440 | D:2      | Reached XP level 5. HP: 18/45 MP: 9/9
  3060 | D:3      | Noticed Bugaboo's ghost (amateur OgBe)
  3802 | D:3      | Killed from afar by an orc priest

Vault maps used:
D:1:      dpeg_arrival_water_temple_mockup, kennysheep_another_room
D:2:      overflow_temple_1_default, nicolae_qazlal_style_of_elements

Skill      XL: |  1  2  3  4  5 |
---------------+----------------+-----
Dodging        | 2 |  2.3
Fighting       | 2 |  2.2
Transmutations | 3 |  3.0
Shields        | |  0.1
Unarmed Combat | |  3.6
Spellcasting   | |  2.7

Action                   |  1- 3 |  4- 6 || total
-------------------------+-------+-------++-------
Melee: Unarmed           |   133 |   113 ||   246
       Headbutt          |    12 |    19 ||    31
 Cast: Beastly Appendage |    23 |    16 ||    39
  Use: Scroll            |       |     5 ||     5
 Stab: Sleeping          |     1 |     1 ||     2
  Eat: Chunk             |     2 |     5 ||     7
Armor: Robe              |    37 |    24 ||    61
Dodge: Dodged            |    71 |    63 ||   134
Block: Buckler           |       |    15 ||    15

Table legend:
 A = Spawn XP
 B = Non-spawn XP
 C = Spawn XP percentage of total XP
 D = Spawn monster count
 E = Non-spawn monster count
 F = Spawn count percentage of total count
 G = Total turns spent on level
                    A         B        C        D         E        F      G
               +---------+---------+-------+---------+---------+-------+---------
         Total |       0 |     211 |   0.0 |       0 |      53 |   0.0 |  3802
               +---------+---------+-------+---------+---------+-------+---------
           D:1 |       0 |      36 |   0.0 |       0 |      20 |   0.0 |  1207
           D:2 |       0 |     173 |   0.0 |       0 |      32 |   0.0 |  2564
           D:3 |       0 |       2 |   0.0 |       0 |       1 |   0.0 |    31
               +---------+---------+-------+---------+---------+-------+---------
